 Dungeon Crawl Stone Soup version 0.28.0 (webtiles) character file.

Game seed: 14744512418451901881

78033 chmiii the Basher (level 15, -6/129 (156) HPs)
             Began as a Troll Hunter on Feb 9, 2022.
             Was the Champion of Makhleb.
             Mangled by an orc knight (9 damage)
             ... while paralysed by an orc sorcerer
             ... on level 2 of the Orcish Mines.
             The game lasted 02:54:53 (21004 turns).

chmiii the Basher (Troll Hunter)                   Turns: 21004, Time: 02:54:54

HP:   -6/129 (156)  AC: 12    Str: 30    XL:     15   Next: 17%
MP:   21/21         EV:  1    Int:  9    God:    Makhleb [******]
Gold: 2000          SH:  0    Dex: 10    Spells: 14/14 levels left

rFire   + . .      SeeInvis +   S - +1 eveningstar (drain)
rCold   + . .      Faith    .   U - +0 tower shield
rNeg    . . .      Spirit   .   E - +2 robe {rF+}
rPois   +          Reflect  .   O - +3 crown of Dyrovepreva {rElec Int+2 SInv}
rElec   +          Harm     .   r - +1 cloak
rCorr   .          Rampage  .   (gloves unavailable)
Will    +....                   (boots unavailable)
Stlth   +.........              N - amulet of regeneration
HPRegen 1.91/turn               k - ring of protection from cold
MPRegen 0.17/turn               R - ring of poison resistance

@: paralysed, mighty, studying Maces & Flails, heavily drained
A: large, unfitting armour, claws 3, regeneration 1, shaggy fur 1, tough skin 1
a: Renounce Religion, Minor Destruction, Lesser Servant of Makhleb, Major
Destruction, Greater Servant of Makhleb


You were on level 2 of the Orcish Mines.
You worshipped Makhleb.
Makhleb was exalted by your worship.
You visited 4 branches of the dungeon, and saw 21 of its levels.
You also visited: Bailey.

You collected 2220 gold pieces.
You spent 220 gold pieces at shops.

Inventory:

Hand Weapons
 a - a +6 dire flail of freezing
 b - a +0 hunting sling
 S - a +1 eveningstar of draining (weapon)
Missiles
 p - 6 throwing nets (quivered)
 y - 7 javelins
 B - 22 large rocks
 C - 119 sling bullets
 F - 26 poisoned darts
 J - 3 curare-tipped darts
 L - 9 boomerangs
Armour
 r - a +1 cloak (worn)
 E - a +2 robe of fire resistance (worn)
 O - the +3 crown of Dyrovepreva (worn) {rElec Int+2 SInv}
   (You found it on level 9 of the Dungeon)

   Int:       It affects your intelligence (+2).
   rElec:     It insulates you from electricity.
   SInv:      It lets you see invisible.
 U - a +0 tower shield (worn)
Jewellery
 k - a ring of protection from cold (left claw)
 G - a ring of resist corrosion
 N - an amulet of regeneration (around neck)
 P - an amulet of magic regeneration
 R - a ring of poison resistance (right claw)
 T - a ring of flight
Wands
 c - a wand of flame (11)
 i - a wand of charming (3)
 n - a wand of iceblast (15)
 o - a wand of paralysis (4)
 Q - a wand of polymorph (6)
Scrolls
 e - 3 scrolls of silence
 g - 3 scrolls of amnesia
 t - 4 scrolls of fear
 u - a scroll of enchant weapon
 z - 2 scrolls of magic mapping
 I - 8 scrolls of teleportation
 K - 2 scrolls of summoning
Potions
 d - 4 potions of haste
 j - 11 potions of curing
 l - 3 potions of invisibility
 m - 3 potions of mutation {unknown}
 s - 2 potions of flight
 v - 3 potions of lignification
 w - 5 potions of might
 x - 5 potions of ambrosia
 A - a potion of heal wounds
 D - a potion of brilliance
 H - a potion of magic
 M - 2 potions of cancellation
Miscellaneous
 q - a lightning rod (4/4)


   Skills:
 + Level 11.7 Fighting
 + Level 13.4 Maces & Flails
 - Level 6.0 Throwing
 + Level 11.0 Armour
 - Level 7.0 Dodging
 - Level 0.3 Stealth
 + Level 2.2 Shields
 - Level 10.0 Invocations


You had 14 spell levels left.
You didn't know any spells.
Your spell library contained the following spells:

 Spells                   Type           Power      Damage    Failure   Level
 Animate Skeleton         Necr           0%         N/A       97%         1
 Apportation              Tloc           0%         N/A       97%         1
 Freeze                   Ice            0%         1d3       97%         1
 Pain                     Necr           0%         1d4       97%         1
 Sting                    Tmut/Pois      0%         1d3       97%         1
 Blink                    Tloc           0%         N/A       99%         2
 Sublimation of Blood     Necr           0%         N/A       99%         2
 Mephitic Cloud           Conj/Pois/Air  0%         N/A       100%        3
 Tukima's Dance           Hex            0%         N/A       100%        3
 Vampiric Draining        Necr           0%         2d6       100%        3
 Anguish                  Hex/Necr       0%         N/A       100%        4
 Petrify                  Tmut/Erth      0%         N/A       100%        4
 Summon Ice Beast         Ice/Summ       0%         N/A       100%        4
 Alistair's Intoxication  Tmut/Pois      0%         N/A       100%        5
 Borgnjor's Vile Clutch   Necr/Erth      0%         N/A       100%        5
 Irradiate                Conj/Tmut      0%         3d14      100%        5
 Manifold Assault         Tloc           0%         N/A       100%        5
 Eringya's Noxious Bog    Tmut/Pois      0%         N/A       100%        6
 Simulacrum               Ice/Necr       0%         N/A       100%        6
 Enfeeble                 Hex            0%         N/A       100%        7
 Malign Gateway           Summ/Tloc      0%         N/A       100%        7
 Storm Form               Tmut/Air       0%         N/A       100%        7


Dungeon Overview and Level Annotations

Branches:
Dungeon (12/15)            Temple (1/1) D:4            Lair (6/6) D:8
 Shoals (0/4) Lair:2       Spider (0/4) Lair:3        Slime (0/5) Lair:5
    Orc (2/2) D:12            Elf (0/3) Orc:2        Bailey (visited)

Altars:
Ashenzari
Cheibriados
Dithmenos
Elyvilon
Fedhas
Gozag
Kikubaaqudgha
Makhleb
Nemelex Xobeh
Okawaru
Qazlal
Ru
Sif Muna
Trog
Uskayaw
Vehumet
Wu Jian
Xom
Yredelemnul
Zin
The Shining One
Jiyva

Shops:
D:6 =

Annotations:
D:6 exclusion: downstairs
Lair:4 1 runed translucent door, Ceyroiss's ghost, journeyman HuWn


Innate Abilities, Weirdness & Mutations

You are too large for most types of armour.
You have claws for hands.
Your natural rate of healing is unusually fast.
You are covered in fur. (AC +1)
You have tough skin. (AC +1)


Message History

The orc knight is lightly wounded.
The orc hits you from afar with a +0 trident!
The orc priest hits you but does no damage.
The troll bites you! You block the troll's attack.
The troll claws you but does no damage.
You closely miss the orc sorcerer. You block the orc's attack.
The orc priest hits you but does no damage.
The troll bites you but does no damage. The troll closely misses you.
The troll barely misses you. The orc priest hits you with a +0 club.
The orc sorcerer mumbles some strange words.
The orc knight barely misses you. The orc hits you but does no damage.
You closely miss the orc sorcerer.
The orc priest no longer looks unusually strong.
The orc priest looks encouraged for a moment.
The troll bites you. The troll claws you but does no damage.
The troll barely misses you.
The orc sorcerer hits you but does no damage.
You feel drained.
The orc priest invokes the aid of Beogh against you.
Beogh smites you!
The orc knight hits you with a +0 glaive!
You block the orc's attack. The orc priest barely misses you.
You can't go down here!
The troll bites you but does no damage. You block the troll's attack. x2
The orc sorcerer casts a spell at you.
You suddenly lose the ability to move!
The orc priest hits you but does no damage.
The orc knight hits you with a +0 glaive!
The orc priest hits you from afar with a +0 trident.
The orc no longer looks unusually strong.
The troll bites you. The troll claws you!
* * * LOW HITPOINT WARNING * * *
The troll claws you!
* * * LOW HITPOINT WARNING * * *
The orc priest hits you but does no damage.
The orc sorcerer gestures at you while chanting.
The bolt of fire hits you! You resist.
* * * LOW HITPOINT WARNING * * *
The orc knight hits you with a +0 glaive!
You die...

....#.#...#...#####.........#.#..
...#####.....#####.........####..
..###...........#..........####..
...##...........#..........#.....
........##.##.......)#...[)......
........#...#........##..#....)[.
.#.....#...#...o4.#.##...##.....#
##......#.#...ooT#...##.##......#
...4....o.##.#4o@)..####.......##
...........#.#.o...##.#........#
...o..o..........................
..o##............................
..#.#...........#.........####...
...o)##......#.###........#
....#.........###...........
...#......[....##...........
.....)...[[...........##....


You could see an orc knight (drained), 2 rust devils, a troll, an orc sorcerer
(strong), 2 orc priests and an orc.

Vanquished Creatures
  2 orc warlords
  4 dire elephants (Lair:6)
  Harold (D:8)
  11 hydras
  2 catoblepae (Lair:4)
  A centaur warrior (D:11)
  2 two-headed ogres
  10 death yaks
  Urug (D:11)
  Nergalle (D:11)
  Sonja (Lair:1)
  A spectral anaconda (Lair:6)
  4 spectral death yaks (Lair:6)
  A skeletal warrior (D:8)
  An obsidian statue (Lair:6)
  A deep elf pyromancer (D:11)
  4 necromancers (Lair:6)
  2 orc sorcerers (Orc:2)
  A manticore (D:11)
  2 ugly things (D:11)
  3 cyclopes
  3 black mambas (Lair:4)
  A dire elephant zombie (Lair:6)
  18 elephants
  2 torpor snails (Lair:4)
  A gargoyle (D:10)
  12 cane toads
  3 rime drakes
  6 komodo dragons
  A queen bee (Lair:3)
  2 hornets
  2 polar bears
  7 blink frogs (Lair:3)
  2 spectral elephants (Lair:6)
  Prince Ribbit (D:8)
  6 wyverns
  2 vampires
  A wraith (D:11)
  A shadow (D:11)
  42 yaks
  9 basilisks
  2 spectral cane toads (Lair:6)
  14 water moccasins
  Duvessa (D:7)
  4 ice beasts
  A swamp drake (D:12)
  21 orc warriors
  5 black bears
  2 elephant zombies (Lair:6)
  12 ogres
  An elephant skeleton (Lair:6)
  6 wolves
  5 centaurs
  2 phantoms
  A kobold brigand (D:8)
  17 bullfrogs
  6 scorpions
  A water moccasin zombie (D:5)
  2 cane toad simulacra (Lair:6)
  A wyvern zombie (D:6)
  A wyvern skeleton (D:7)
  A water moccasin skeleton (D:5)
  Dowan (D:7)
  An elephant simulacrum (Lair:6)
  39 killer bees
  6 wights
  3 jellies
  An electric eel (Lair:4)
  3 hounds
  7 centaur zombies
  A gnoll shaman (D:6)
  17 orc priests
  A centaur skeleton (D:6)
  7 hell rats
  6 iguanas
  14 orc wizards
  A hound skeleton (D:4)
  Robin (D:4)
  A howler monkey zombie (D:7)
  7 adders
  14 gnolls
  2 howler monkey skeletons
  2 shadow imps
  3 white imps
  A worm (D:3)
  3 dart slugs
  64 orcs
  5 bats
  7 endoplasms
  4 giant cockroaches
  17 goblins
  14 hobgoblins
  4 quokkas
  6 ball pythons
  2 frilled lizards
  24 kobolds
  4 rats
577 creatures vanquished.

Vanquished Creatures (collateral kills)
  A troll (D:9)
  A warg (Orc:1)
  3 orcs (Orc:1)
5 creatures vanquished.

Vanquished Creatures (others)
  53 fungi
  98 plants
  20 withered plants (Lair:6)
171 creatures vanquished.

Grand Total: 753 creatures vanquished

Notes
Turn   | Place    | Note
-------+----------+-------------------------------------------
     0 | D:1      | chmiii the Troll Hunter began the quest for the Orb.
     0 | D:1      | Reached XP level 1. HP: 19/19 MP: 0/0
   175 | D:1      | Reached XP level 2. HP: 26/28 MP: 1/1
  1094 | D:2      | Reached skill level 1 in Maces & Flails
  1094 | D:2      | Reached XP level 3. HP: 26/35 MP: 2/2
  1440 | D:2      | Reached XP level 4. HP: 37/42 MP: 3/3
  2196 | D:3      | Reached XP level 5. HP: 36/50 MP: 4/4
  2198 | D:3      | Reached skill level 2 in Maces & Flails
  2409 | D:4      | Noticed an ogre
  2412 | D:4      | Killed an ogre
  2465 | D:4      | Reached XP level 6. HP: 59/59 MP: 5/5
  2620 | D:4      | Noticed Robin
  2669 | D:4      | Killed Robin
  2794 | D:4      | Found a staircase to the Ecumenical Temple.
  2826 | Temple   | Entered the Ecumenical Temple
  3031 | Temple   | Became a worshipper of Makhleb the Destroyer
  3300 | D:4      | Found an opulent altar of Gozag.
  3396 | D:5      | Entered Level 5 of the Dungeon
  3577 | D:5      | Noticed a vampire
  3587 | D:5      | Killed a vampire
  3588 | D:5      | Reached skill level 3 in Maces & Flails
  3588 | D:5      | Reached skill level 5 in Throwing
  3588 | D:5      | Reached XP level 7. HP: 45/67 MP: 6/6
  3831 | D:5      | Found a radiant altar of Vehumet.
  3831 | D:5      | Found an ornate altar of the Wu Jian Council.
  3832 | D:5      | Found an iron altar of Okawaru.
  4361 | D:6      | Reached skill level 4 in Maces & Flails
  4449 | D:6      | Reached XP level 8. HP: 53/78 MP: 7/7
  4632 | D:6      | Reached skill level 1 in Armour
  4857 | D:6      | Found Qaghig's Jewellery Boutique.
  5152 | D:6      | Reached skill level 5 in Fighting
  5152 | D:6      | Reached skill level 5 in Maces & Flails
  5444 | D:6      | Reached * piety under Makhleb
  5784 | D:7      | Noticed Duvessa
  5784 | D:7      | Noticed Dowan
  5784 | D:7      | Found a blossoming altar of Fedhas.
  6151 | D:7      | Reached XP level 9. HP: 88/88 MP: 8/8
  6773 | D:7      | Reached skill level 6 in Maces & Flails
  6957 | D:7      | Killed Duvessa
  6963 | D:7      | Killed Dowan
  7011 | D:7      | Found a stormy altar of Qazlal.
  7123 | D:8      | Noticed Prince Ribbit
  7127 | D:8      | Killed Prince Ribbit
  7181 | D:8      | Noticed a skeletal warrior
  7291 | D:8      | Killed a skeletal warrior
  7292 | D:8      | Reached skill level 7 in Maces & Flails
  7292 | D:8      | Reached skill level 5 in Armour
  7292 | D:8      | Reached XP level 10. HP: 35/100 MP: 9/9
  7629 | D:8      | Reached ** piety under Makhleb
  7688 | D:8      | Found a staircase to the Lair.
  7769 | D:8      | Noticed Harold
  7876 | D:8      | Killed Harold
  8050 | D:8      | Reached skill level 8 in Maces & Flails
  8085 | D:8      | Got the Reference Book on Quantum Ice
  8533 | D:10     | Entered Level 10 of the Dungeon
  8635 | D:9      | Found a flagged portal.
  8705 | Bailey   | Entered a bailey
  8716 | Bailey   | Noticed an orc warlord
  8839 | Bailey   | Reached *** piety under Makhleb
  8841 | Bailey   | Reached XP level 11. HP: 110/111 MP: 10/10
  8868 | Bailey   | Found a runed translucent gate.
  8869 | Bailey   | Found a runed translucent gate.
  8870 | Bailey   | Found a runed translucent gate.
  8983 | Bailey   | Killed an orc warlord
  9131 | D:9      | Reached XP level 12. HP: 120/120 MP: 10/17
  9238 | D:9      | Found the +3 crown of Dyrovepreva {rElec Int+2 SInv}
  9267 | D:9      | Noticed a two-headed ogre
  9270 | D:9      | Killed a two-headed ogre
 10056 | D:11     | Reached skill level 9 in Maces & Flails
 10765 | D:6      | Bought a ring of poison resistance for 220 gold pieces
 10842 | Lair:1   | Entered Level 1 of the Lair of Beasts
 11135 | Lair:1   | Reached **** piety under Makhleb
 11225 | Lair:1   | Noticed a seven-headed hydra
 11228 | Lair:1   | Killed a seven-headed hydra
 11312 | Lair:1   | Found a blossoming altar of Fedhas.
 11444 | Lair:1   | Noticed Sonja
 11466 | Lair:1   | Killed Sonja
 11853 | Lair:2   | Noticed a six-headed hydra
 11855 | Lair:2   | Killed a six-headed hydra
 12090 | Lair:2   | Reached skill level 10 in Maces & Flails
 12328 | Lair:2   | Found a staircase to the Shoals.
 12374 | Lair:2   | Reached XP level 13. HP: 123/131 MP: 18/18
 12467 | Lair:2   | Reached skill level 5 in Dodging
 13337 | Lair:3   | Reached skill level 10 in Fighting
 13401 | Lair:3   | Found a hole to the Spider Nest.
 13859 | Lair:3   | Reached ***** piety under Makhleb
 14628 | Lair:4   | Reached skill level 11 in Maces & Flails
 14917 | Lair:4   | Got the Reference Book on the Voyage and Venom
 14994 | Lair:4   | Reached XP level 14. HP: 144/144 MP: 19/19
 15325 | Lair:4   | Found a runed translucent door.
 15326 | Lair:4   | Noticed Ceyroiss's ghost (journeyman HuWn)
 15326 | Lair:4   | Found the amulet of the Four Winds {rN+ Will+++ Clar}
 15847 | Lair:5   | Found a runed translucent door.
 15853 | Lair:5   | Found a viscous altar of Jiyva.
 15855 | Lair:5   | Found a staircase to the Slime Pits.
 16012 | Lair:5   | Reached skill level 10 in Armour
 16282 | Lair:6   | Entered Level 6 of the Lair of Beasts
 16302 | Lair:6   | Reached ****** piety under Makhleb
 16332 | Lair:6   | Identified a scroll of acquirement
 16334 | Lair:6   | Acquired a manual of Maces & Flails
 16843 | Lair:6   | Reached skill level 12 in Maces & Flails
 18303 | D:11     | Reached skill level 13 in Maces & Flails
 18628 | D:11     | Reached skill level 1 in Shields
 18793 | D:11     | Noticed Nergalle
 18799 | D:11     | Killed Nergalle
 19160 | D:11     | Noticed Urug
 19177 | D:11     | Killed Urug
 19212 | D:11     | Reached XP level 15. HP: 149/150 MP: 21/21
 19585 | D:12     | Found a staircase to the Orcish Mines.
 19628 | Orc:1    | Entered Level 1 of the Orcish Mines
 19798 | Orc:2    | Entered Level 2 of the Orcish Mines
 20122 | Orc:1    | Noticed an orc warlord
 20443 | Orc:2    | Found a staircase to the Elven Halls.
 20548 | Orc:2    | Reached skill level 10 in Invocations
 20623 | Orc:2    | Paralysed by an orc sorcerer for 6 turns
 20675 | Orc:2    | Paralysed by an orc sorcerer for 6 turns
 20702 | Orc:1    | HP: 3/122 [ogre (18)]
 20725 | Orc:1    | Found a bloodstained altar of Trog.
 20816 | Orc:1    | Killed an orc warlord
 21003 | Orc:2    | Paralysed by an orc sorcerer for 5 turns
 21004 | Orc:2    | HP: 3/129 [orc sorcerer/bolt of fire[an orc knight] (17)]
 21004 | Orc:2    | Mangled by an orc knight

Illustrated notes

Levels and vault maps discovered:
D:1:      psy_arrival_statuary, layout_basic
D:2:      layout_basic
D:3:      layout_rooms, minmay_misc_feat_ornament
D:4:      layout_loops_ring, nicolae_gozag_seed_capital,
          minmay_temple_entry_wispy, uniq_robin
D:5:      layout_loops_corners, gammafunk_temple_overflow_claw
D:6:      layout_basic, serial_shops, shop, minmay_misc_feat_iff, st_stairs_5,
          amcnicky_mini_rare_corridor_liquid
D:7:      layout_basic, grunt_temple_overflow_forces_of_nature,
          nicolae_hepliaklqana_hippocampus, uniq_duvessa
D:8:      layout_loops_ring, due_lair_maze_entry_diamond, grunt_ministairs_13,
          minivault_10, uniq_harold, uniq_prince_ribbit1
D:9:      layout_long_grid, enter_bailey_2
D:10:     layout_basic
D:11:     kennysheep_big_flooded_room, layout_layer_cave, uniq_nergalle,
          uniq_urug
D:12:     layout_loops_ring, erik_orc_1, serial_shops, kennysheep_mini_moat,
          grunt_decor_fettered
Temple:   regret_index_temple_generic_petals
Lair:1:   layout_regular_city, basic_altar, uniq_sonja
Lair:2:   layout_cave_shapes, elwin_shoals_entry_rocks, beast_lair_carwin_5
Lair:3:   layout_layer_cave, spider_nest_entry_web_field, special_room
          [special_room_bee], st_stairs_13
Lair:4:   layout_hall_layers, ebering_ghost_inner_flame,
          nicolae_lair_lakeside_cave, infiniplex_staircase_pool_2
Lair:5:   layout_concentric_octagons, slime_altar_2, grunt_megastairs_2
Lair:6:   due_jungle_book, layout_gridlike, minmay_stone_trees_large
Orc:1:    layout_caves, basic_altar
Orc:2:    st_orc_pillars, layout_diamond_mine

Skill      XL: |  1  2  3  4  5  6  7  8  9 10 11 12 13 14 15 |
---------------+----------------------------------------------+-----
Fighting       | 2 3 4 5 6 8 9 10 11 | 11.7
Maces & Flails | 1 2 3 4 5 7 8 10 11 13 | 13.4
Dodging        | 2 3 4 6 7 |  7.0
Throwing       | 4 5 6 |  6.0
Armour         | 3 5 6 7 8 9 10 11 | 11.0
Invocations    | 8 9 10 | 10.0
Shields        | 1 2 |  2.2
Stealth        | |  0.3

Action                   |  1- 3 |  4- 6 |  7- 9 | 10-12 | 13-15 || total
-------------------------+-------+-------+-------+-------+-------++-------
Melee: Unarmed           |   114 |   172 |   344 |    10 |       ||   640
       Short sword       |     5 |       |       |       |       ||     5
       Punch             |     2 |     1 |     6 |       |       ||     9
       Dire flail        |       |       |       |   380 |   759 ||  1139
       Eveningstar       |       |       |       |       |   236 ||   236
 Fire: Hunting sling     |       |       |    31 |     7 |    25 ||    63
Throw: Large rock        |     1 |    22 |    16 |    18 |    47 ||   104
       Throwing net      |       |     2 |     2 |       |     3 ||     7
       Dart              |       |       |     8 |       |       ||     8
       Javelin           |       |       |    11 |    12 |    10 ||    33
       Boomerang         |       |       |       |       |   127 ||   127
Invok: Lesser Servant of |       |       |       |       |     2 ||     2
Evoke: Wand              |       |       |       |       |     6 ||     6
  Use: Scroll            |       |       |    12 |     8 |    11 ||    31
       Potion            |       |       |     3 |     4 |     5 ||    12
 Stab: Sleeping          |       |       |       |     1 |       ||     1
       Held in net/web   |       |       |       |       |     1 ||     1
Armor: Robe              |    54 |    58 |    97 |   186 |   409 ||   804
Dodge: Dodged            |    70 |    75 |   161 |   185 |   423 ||   914
Block: Tower shield      |       |       |       |       |   156 ||   156
